 Dungeon Crawl Stone Soup version 0.20.1-1-g8b1a95d (webtiles) character file.

14 letownia2 the Grave Robber (level 2, 0/22 HPs)
             Began as a Deep Dwarf Necromancer on Nov 4, 2017.
             Slain by an orc wizard
             ... wielding a +0 dagger
              (1 damage)
             ... on level 4 of the Dungeon.
             The game lasted 00:03:29 (1077 turns).

letownia2 the Grave Robber (Deep Dwarf Necromancer) Turns: 1077, Time: 00:03:29

Health: 0/22       AC:  2    Str: 11    XL:     2   Next: 31%
Magic:  0/5        EV: 12    Int: 15    God:
Gold:   50         SH:  0    Dex: 10    Spells: 4/5 levels left

rFire    . . .     SeeInvis .   d - +0 short sword
rCold    . . .     Gourm    .   (no shield)
rNeg     . . .     Faith    .   a - +0 robe
rPois    .         Spirit   .   (no helmet)
rElec    .         Reflect  .   (no cloak)
rCorr    .         Harm     .   (no gloves)
MR       .....                  (no boots)
Stlth    ++........             (no amulet)
Regen    0.0/turn               e - -3 ring of dexterity (curse)
MPRegen  0.1/turn               (no ring)

@: non-regenerating, slowed, very slow
A: damage resistance, heal wounds, sense surroundings 1, no regeneration
a: Heal Wounds


You were on level 4 of the Dungeon.
You were not hungry.

You visited 1 branch of the dungeon, and saw 4 of its levels.

You collected 50 gold pieces.

Inventory:

Hand Weapons
 d - a +0 short sword (weapon)
 h - a +0 broad axe
Armour
 a - a +0 robe (worn)
Jewellery
 e - a cursed -3 ring of dexterity (left hand)
Scrolls
 f - a scroll of identify {unknown}
 g - a scroll of fog {unknown}
 j - a scroll of noise {unknown}
Books
 b - a book of Necromancy

   Spells                             Type                      Level
   a - Pain                           Necromancy                   1
   b - Animate Skeleton               Necromancy                   1
   c - Vampiric Draining              Necromancy                   3
   d - Regeneration                   Charms/Necromancy            3
   e - Animate Dead                   Necromancy                   4
   f - Control Undead                 Necromancy                   4
Comestibles
 c - a bread ration


   Skills:
 - Level 2.1 Dodging
 - Level 2.4 Stealth
 + Level 2.0 Spellcasting
 + Level 4.9 Necromancy


You had 4 spell levels left.
You knew the following spells:

 Your Spells              Type           Power        Failure   Level  Hunger
a - Pain                  Necr           ###.         3%          1    #......


Dungeon Overview and Level Annotations

Branches:
Dungeon (4/15)
 Temple: D:4-7

Altars:
The Shining One

Annotations:
D:4 exclusions: ogre, white imp and 1 more exclusion


Innate Abilities, Weirdness & Mutations

You are resistant to damage.
You can heal yourself by infusing magical energy.
You passively map a small area around you.
You do not regenerate.


Message History

Casting: Pain
Confirm with . or Enter, or press ? or * to list all spells.
Aiming: Pain
Press: ? - help, Shift-Dir - straight line, f/p - orc wizard
Aim: an orc wizard, wielding a dagger and wearing a robe (almost dead, chance to defeat MR: 75%)
The orc wizard struggles to resist.
The orc wizard gestures at you while chanting.
You resist with some effort.
Unknown command.
Unknown command.
The orc wizard gestures wildly while chanting.
The orc wizard seems to speed up.
The orc wizard gestures wildly while chanting.
The orc wizard blinks!
Unknown command.
The orc wizard mumbles some strange words.
The orc wizard blinks!
The orc wizard hits you with a dagger. The orc wizard barely misses you.
The orc wizard barely misses you. The orc wizard hits you with a dagger.
You die...

#########.......###########......
# , *,....................... # ,
+ ................###### #
...............#..... #, , *
...............+..... #, ,, ,
...............#..... # * *
,...............###'##
.........##############.........
..........#...w.@......'.........
..........#....o.......#.........
..........#............#.........
.........#............#.........
......o..#...##########.........
* #.w...#...##...........######
#.....#....#...........#
#.....#....#...........# *
#.....#....#...........#


You could see a worm and an orc wizard.

Vanquished Creatures
  An adder skeleton (D:4)
  An orc (D:4)
  A ball python (D:4)
  A giant cockroach (D:4)
  A quokka (D:4)
  A hobgoblin zombie (D:4)
  A kobold (D:2)
  A kobold zombie (D:4)
  An orc skeleton (D:4)
  3 rats
12 creatures vanquished.

Notes
Turn   | Place    | Note
-------+----------+-------------------------------------------
     0 | D:1      | letownia2 the Deep Dwarf Necromancer began the quest for the Orb.
     0 | D:1      | Reached XP level 1. HP: 15/15 MP: 3/3
   206 | D:4      | Found a glowing golden altar of the Shining One.
   261 | D:4      | Noticed an ogre
   669 | D:4      | Reached XP level 2. HP: 10/22 MP: 4/4
  1071 | D:4      | HP: 1/22 [orc wizard/magic dart (5)]
  1077 | D:4      | Slain by an orc wizard

Skill      XL: |  1  2 |
---------------+-------+-----
Spellcasting   | 2 |  2.0
Dodging        | |  2.1
Stealth        | |  2.4
Necromancy     | |  4.9

Action                   || total
-------------------------++-------
Melee: Short sword       ||    19
 Cast: Pain              ||    21
  Eat: Chunk             ||     1
Armor: Robe              ||     3
Dodge: Dodged            ||     9
